SA
CONNETQUOT CHIEFS @ GRIM REAPERS
07/29/2025
 
TOP OF THE 1ST
Connetquot Chiefs batting - Pitching for Grim Reapers : RHP Mack MacDonald
Pitching: RHP Mack MacDonald
Batting: RHB Dale Quick 0-0: Ball
1-0: Ground out 6-3 (Groundball, 6)
Batting: RHB Jesús Quintana 0-0: DOUBLE (Line Drive, 89M)
Batting: SHB Jim Unknown 0-0: Called Strike
0-1: Ball
1-1: Called Strike
1-2: Ball
2-2: Foul Ball, location: 2F
2-2: Ball
3-2: Strikes out swinging, 2-3 out at first.
Batting: RHB Emanuel Bree 0-0: Ball
1-0: Ball
2-0: Ball
3-0: Called Strike
3-1: Ground out 5-3 (Groundball, 5S)
Top of the 1st over - 0 run(s), 1 hit(s), 0 error(s), 1 left on base; Connetquot 0 - Grim 0
BOTTOM OF THE 1ST
Grim Reapers batting - Pitching for Connetquot Chiefs : RHP Jim Davis
Pitching: RHP Jim Davis
Batting: RHB Orlando Montoya 0-0: Called Strike
0-1: Ball
1-1: Ball
2-1: SINGLE (Line Drive, 78M)
Batting: RHB Marcos Martínez 0-0: Called Strike
0-1: Foul Ball, location: 2F
0-2: Strikes out swinging
Batting: LHB Jesús Aguilar 0-0: Ball
Orlando Montoya steals 2nd base
1-0: Ball
2-0: Ball
3-0: Called Strike
3-1: Foul Ball, location: 2F
3-2: Strikes out looking
Batting: RHB Raúl Moreno 0-0: Ball
1-0: Reached on error, E6 (Groundball, 56)
Orlando Montoya to third
Batting: RHB Carlos Méndez 0-0: Foul Ball, location: 2F
0-1: Foul Ball, location: 2F
0-2: Ball
1-2: Fielders Choice at 2nd, 6-4 (Groundball, 6)
Bottom of the 1st over - 0 run(s), 1 hit(s), 1 error(s), 1 left on base; Connetquot 0 - Grim 0
TOP OF THE 2ND
Connetquot Chiefs batting - Pitching for Grim Reapers : RHP Mack MacDonald
Batting: RHB Javier Cordero 0-0: Called Strike
0-1: Called Strike
0-2: Strikes out swinging
Batting: LHB Steve Sconiers 0-0: Ball
1-0: Swinging Strike
1-1: Called Strike
1-2: Strikes out swinging
Batting: RHB Sang Hong-Do 0-0: Ball
1-0: Foul Ball, location: 2F
1-1: Foul Ball, location: 2F
1-2: Strikes out swinging
Top of the 2nd over - 0 run(s), 0 hit(s), 0 error(s), 0 left on base; Connetquot 0 - Grim 0
BOTTOM OF THE 2ND
Grim Reapers batting - Pitching for Connetquot Chiefs : RHP Jim Davis
Batting: SHB Carlos Chávez 0-0: Ball
1-0: Ground out 6-3 (Groundball, 6M)
Batting: RHB Sherman Trowell 0-0: Foul Ball, location: 2F
0-1: Ball
1-1: Fly out, F8 (Flyball, 8RD)
Batting: LHB Steve Costillo 0-0: Swinging Strike
0-1: Ball
1-1: Swinging Strike
1-2: Strikes out swinging
Bottom of the 2nd over - 0 run(s), 0 hit(s), 0 error(s), 0 left on base; Connetquot 0 - Grim 0
TOP OF THE 3RD
Connetquot Chiefs batting - Pitching for Grim Reapers : RHP Mack MacDonald
Batting: RHB Otis Brewer 0-0: Swinging Strike
0-1: Ball
1-1: Fly out, F9 (Flyball, 9S)
Batting: SHB Josh Sanders 0-0: Ball
1-0: Foul Ball, location: 2F
1-1: Ball
2-1: Foul Ball, location: 2F
2-2: Foul Ball, location: 2F
2-2: Ball
3-2: Foul Ball, location: 2F
3-2: Base on Balls
Batting: RHB Dale Quick 0-0: Swinging Strike
0-1: Ball
1-1: Ball
2-1: Foul Ball, location: 2F
2-2: Foul Ball, location: 2F
2-2: Fly out, F4 (Popup, 4)
Batting: RHB Jesús Quintana 0-0: Ball
1-0: Ball
2-0: Called Strike
2-1: Fly out, F9 (Flyball, 9LSF)
Top of the 3rd over - 0 run(s), 0 hit(s), 0 error(s), 1 left on base; Connetquot 0 - Grim 0
BOTTOM OF THE 3RD
Grim Reapers batting - Pitching for Connetquot Chiefs : RHP Jim Davis
Batting: RHB Earnest Vater 0-0: Called Strike
0-1: Ball
1-1: Called Strike
1-2: Ball
2-2: Ground out 5-3 (Groundball, 56)
Batting: RHB Orlando Montoya 0-0: Called Strike
0-1: SINGLE (Groundball, 6MD)
Batting: RHB Marcos Martínez 0-0: Ball
Throwing error on steal attempt, E2
Orlando Montoya to third
1-0: Ball
2-0: Called Strike
2-1: Ball
3-1: Base on Balls
Batting: LHB Jesús Aguilar 0-0: Ball
1-0: Ball
2-0: Foul Ball, location: 2F
2-1: Fly out, F7 (Flyball, 7)
Runner from 3rd tags up, SCORES, no throw
Batting: RHB Raúl Moreno 0-0: Swinging Strike
0-1: Ball
1-1: Ball
2-1: Foul Ball, location: 2F
2-2: Strikes out swinging
Bottom of the 3rd over - 1 run(s), 1 hit(s), 1 error(s), 1 left on base; Connetquot 0 - Grim 1
TOP OF THE 4TH
Connetquot Chiefs batting - Pitching for Grim Reapers : RHP Mack MacDonald
Batting: SHB Jim Unknown 0-0: Ball
1-0: Foul Ball, location: 2F
1-1: Foul Ball, location: 2F
1-2: Fly out, F8 (Flyball, 78M)
Batting: RHB Emanuel Bree 0-0: Ball
1-0: Fly out, F8 (Flyball, 8LM)
Batting: RHB Javier Cordero 0-0: Called Strike
0-1: Foul Ball, location: 2F
0-2: Ball
1-2: Ball
2-2: SINGLE (Groundball, 56) (infield hit)
Batting: LHB Steve Sconiers 0-0: Called Strike
0-1: Foul Ball, location: 2F
0-2: Fly out, F8 (Flyball, 8RS)
Top of the 4th over - 0 run(s), 1 hit(s), 0 error(s), 1 left on base; Connetquot 0 - Grim 1
BOTTOM OF THE 4TH
Grim Reapers batting - Pitching for Connetquot Chiefs : RHP Jim Davis
Batting: RHB Carlos Méndez 0-0: Ball
1-0: Ball
2-0: Swinging Strike
2-1: Called Strike
2-2: Foul Ball, location: 2F
2-2: Ball
3-2: Strikes out swinging
Batting: SHB Carlos Chávez 0-0: Swinging Strike
0-1: Foul Ball, location: 2F
0-2: Fly out, F6 (Popup, 6D)
Batting: RHB Sherman Trowell 0-0: Foul Ball, location: 2F
0-1: Swinging Strike
0-2: Strikes out swinging
Bottom of the 4th over - 0 run(s), 0 hit(s), 0 error(s), 0 left on base; Connetquot 0 - Grim 1
TOP OF THE 5TH
Connetquot Chiefs batting - Pitching for Grim Reapers : RHP Mack MacDonald
Batting: RHB Sang Hong-Do 0-0: Swinging Strike
0-1: Ball
1-1: Foul Ball, location: 2F
1-2: Strikes out swinging
Batting: RHB Otis Brewer 0-0: Hit by Pitch
Batting: SHB Josh Sanders 0-0: Ball
1-0: Foul Ball, location: 2F
1-1: Ball
2-1: Fly out, F9 (Line Drive, 9)
Batting: RHB Dale Quick 0-0: Ball
1-0: Swinging Strike
1-1: Swinging Strike
1-2: Ball
Otis Brewer is caught stealing 2nd base
Top of the 5th over - 0 run(s), 0 hit(s), 0 error(s), 0 left on base; Connetquot 0 - Grim 1
BOTTOM OF THE 5TH
Grim Reapers batting - Pitching for Connetquot Chiefs : RHP Jim Davis
Batting: LHB Steve Costillo 0-0: Ground out U3 (Groundball, 34)
Batting: RHB Earnest Vater 0-0: Ball
1-0: Called Strike
1-1: Ball
2-1: Foul Ball, location: 2F
2-2: Ball
3-2: Base on Balls
Batting: RHB Orlando Montoya 0-0: Ball
1-0: Fly out, F7 (Flyball, 7D)
Batting: RHB Marcos Martínez 0-0: Fly out, F2 (Popup, P)
Bottom of the 5th over - 0 run(s), 0 hit(s), 0 error(s), 1 left on base; Connetquot 0 - Grim 1
TOP OF THE 6TH
Connetquot Chiefs batting - Pitching for Grim Reapers : RHP Mack MacDonald
Batting: RHB Dale Quick 0-0: Ball
1-0: Ball
2-0: Foul Ball, location: 2F
2-1: Ground out 6-3 (Groundball, 6M)
Batting: RHB Jesús Quintana 0-0: Foul Ball, location: 2F
0-1: Hit by Pitch
Pitching: RHP Johnnie Bough
Batting: SHB Jim Unknown 0-0: Ball
1-0: Ball
Jesús Quintana steals 2nd base
2-0: Ball
3-0: Called Strike
3-1: Ground out 5-3 (Groundball, 56)
Batting: RHB Emanuel Bree 0-0: Ball
1-0: Foul Ball, location: 2F
1-1: Foul Ball, location: 2F
1-2: Ball
2-2: Foul Ball, location: 2F
2-2: Foul Ball, location: 2F
2-2: Ball
3-2: Base on Balls
Batting: RHB Javier Cordero 0-0: Called Strike
0-1: Foul Ball, location: 2F
0-2: Foul Ball, location: 2F
0-2: Foul Ball, location: 2F
0-2: Strikes out swinging
Top of the 6th over - 0 run(s), 0 hit(s), 0 error(s), 2 left on base; Connetquot 0 - Grim 1
BOTTOM OF THE 6TH
Grim Reapers batting - Pitching for Connetquot Chiefs : RHP Jim Davis
Batting: LHB Jesús Aguilar 0-0: Called Strike
0-1: Called Strike
0-2: Ball
1-2: SINGLE (Groundball, 5D)
Batting: RHB Raúl Moreno 0-0: Called Strike
0-1: Swinging Strike
0-2: Ball
1-2: Foul Ball, location: 2F
1-2: Strikes out swinging
Batting: RHB Carlos Méndez 0-0: Swinging Strike
0-1: Ball
1-1: Called Strike
1-2: Strikes out swinging
Batting: SHB Carlos Chávez 0-0: Called Strike
0-1: Swinging Strike
0-2: Ball
1-2: Ball
2-2: Foul Ball, location: 2F
2-2: Fielders Choice at 2nd, 4-6 (Groundball, 4)
Bottom of the 6th over - 0 run(s), 1 hit(s), 0 error(s), 0 left on base; Connetquot 0 - Grim 1
TOP OF THE 7TH
Connetquot Chiefs batting - Pitching for Grim Reapers : RHP Johnnie Bough
Batting: LHB Steve Sconiers 0-0: Ball
1-0: Foul Ball, location: 2F
1-1: TRIPLE (Line Drive, 8RD)
Batting: RHB Sang Hong-Do 0-0: Ball
1-0: Ball
2-0: Called Strike
2-1: Swinging Strike
2-2: Fly out, F8 (Flyball, 89M)
Runner from 3rd tags up, SCORES, no throw
Batting: RHB Otis Brewer 0-0: SINGLE (Line Drive, 78S)
Batting: SHB Josh Sanders 0-0: Ball
1-0: Fly out, F7 (Line Drive, 7)
Pinch Hitting: RHB Jim Unknown 0-0: SINGLE (Groundball, 3D)
Otis Brewer to second
Runner from 2nd tries for 3rd, SAFE, throw made to third
Batting: RHB Jesús Quintana 0-0: Called Strike
0-1: Foul Ball, location: 2F
0-2: Ball
1-2: Ball
2-2: Strikes out swinging
Top of the 7th over - 1 run(s), 3 hit(s), 0 error(s), 2 left on base; Connetquot 1 - Grim 1
BOTTOM OF THE 7TH
Grim Reapers batting - Pitching for Connetquot Chiefs : RHP Jim Davis
Now in CF: Sheldon Deshotels
Batting: RHB Sherman Trowell 0-0: Ball
1-0: Foul Ball, location: 2F
1-1: Foul Ball, location: 2F
1-2: SINGLE (Groundball, 56D)
Batting: LHB Steve Costillo 0-0: Ball
1-0: Reached on error, E2 (Groundball, 23)
Sherman Trowell to third
Pinch Hitting: LHB Jim Unknown 0-0: Intentional Walk
Batting: RHB Orlando Montoya 0-0: Ball
1-0: Called Strike
1-1: Fly out, F7 (Flyball, 7)
Runner from 3rd tags up, SCORES, throw made
Batting: RHB Marcos Martínez 0-0: Ball
1-0: Ball
2-0: Foul Ball, location: 2F
2-1: Foul Ball, location: 2F
2-2: Grounds into double play, 5-4-3 (Groundball, 5)
Bottom of the 7th over - 1 run(s), 1 hit(s), 1 error(s), 1 left on base; Connetquot 1 - Grim 2
TOP OF THE 8TH
Connetquot Chiefs batting - Pitching for Grim Reapers : RHP Johnnie Bough
Pitching: RHP Cecil Beijeman
Now at 3B: Willis Kirkendall
Now in RF: Jim Unknown
Batting: SHB Jim Unknown 0-0: Called Strike
0-1: Called Strike
0-2: Strikes out swinging
Batting: RHB Emanuel Bree 0-0: Fly out, F8 (Flyball, 89M)
Batting: RHB Javier Cordero 0-0: Ball
1-0: Called Strike
1-1: Called Strike
1-2: Foul Ball, location: 2F
1-2: Foul Ball, location: 2F
1-2: Ball
2-2: Ground out 6-3 (Groundball, 6)
Top of the 8th over - 0 run(s), 0 hit(s), 0 error(s), 0 left on base; Connetquot 1 - Grim 2
BOTTOM OF THE 8TH
Grim Reapers batting - Pitching for Connetquot Chiefs : RHP Jim Davis
Pitching: LHP Mario Hurrado
Batting: LHB Jesús Aguilar 0-0: Foul Ball, location: 2F
0-1: Swinging Strike
0-2: Ball
1-2: Ball
2-2: Foul Ball, location: 2F
2-2: Ball
3-2: Ground out 4-3 (Groundball, 4)
Batting: RHB Raúl Moreno 0-0: Foul Ball, location: 2F
0-1: Called Strike
0-2: Strikes out swinging
Batting: RHB Carlos Méndez 0-0: Ball
1-0: Ball
2-0: SINGLE (Line Drive, 9LM)
Pinch Hitting: RHB Warner Lewis 0-0: SINGLE (Groundball, 6MD)
Carlos Méndez to second
Batting: RHB Sherman Trowell 0-0: Called Strike
0-1: Ball
1-1: Foul Ball, location: 2F
1-2: Ball
2-2: Foul Ball, location: 2F
2-2: Strikes out looking
Bottom of the 8th over - 0 run(s), 2 hit(s), 0 error(s), 2 left on base; Connetquot 1 - Grim 2
TOP OF THE 9TH
Connetquot Chiefs batting - Pitching for Grim Reapers : RHP Cecil Beijeman
Pitching: RHP Stu Noble
Now in LF: Warner Lewis
Pinch Hitting: RHB Jim Unknown 0-0: Ball
1-0: Swinging Strike
1-1: Ball
2-1: Foul Ball, location: 2F
2-2: Strikes out looking
Batting: RHB Sang Hong-Do 0-0: Ball
1-0: Called Strike
1-1: Foul Ball, location: 2F
1-2: Fly out, F9 (Line Drive, 9LS)
Batting: RHB Otis Brewer 0-0: Foul Ball, location: 2F
0-1: Called Strike
0-2: Ball
1-2: Ball
2-2: Strikes out swinging
Top of the 9th over - 0 run(s), 0 hit(s), 0 error(s), 0 left on base; Connetquot 1 - Grim 2
Friday, December 30th, 2016 - OOTP Baseball 17.12 Build 75